Map: 10000 Feet LE

Players

llllllllllll

  • Race: Protoss Protoss
  • Spawn Location: 5:00

电脑难度(新手) - Winner!

  • Race: Zerg Zerg
  • Spawn Location: 11:00

VOD

Have the link to the VOD?

Description

Time

  • Played on: Feb. 11, 2026, 6:38 p.m.
  • Length: 8:24
Show
View Real Time Build Order
Export as new Build Order

llllllllllll Protoss 

Build Orders: 1 Gate Expand 

Get SALT Encoding   

  12  0:00  Probe  
  13  0:12  Probe  
  14  0:20  Pylon  
  14  0:24  Probe  
  15  0:35  Probe  
  15  0:41  Gateway  
  16  0:43  Probe  
  16  0:48  Assimilator  
  17  0:53  Probe  
  18  1:05  Probe  
  19  1:17  Probe  
  20  1:27  Nexus  
  20  1:37  Cybernetics Core  
  20  1:41  Probe  
  21  1:47  Assimilator  
  21  1:53  Probe  
  22  1:57  Pylon  
  22  2:03  Stalker  
  22  2:05  Probe  
  23  2:14  Warp Gate  
  25  2:17  Probe  
  26  2:29  Robotics Facility  
  27  2:30  Probe  
  27  2:36  Adept  
  29  2:39  Probe  
  29  2:42  Probe  
  31  2:47  Probe  
  32  2:54  Probe  
  32  2:57  Probe  
  33  2:58  Stargate  
  34  3:06  Probe  
  34  3:09  Probe  
  36  3:18  Probe  
  36  3:19  Warp Prism  
  37  3:21  Probe  
  40  3:30  Probe  
  40  3:33  Probe  
  42  3:35  Assimilator  
  42  3:37  Assimilator  
  42  3:42  Probe  
  42  3:45  Probe  
  42  3:47  Fleet Beacon  
  44  3:51  Pylon  
  45  3:55  Probe  
  45  4:07  Stargate  
  45  4:09  Pylon  
  46  4:10  Probe x2  
  47  4:21  Tempest  
  47  4:22  Probe x2, Pylon  
  53  4:36  Probe  
  55  4:40  Tempest  
  55  4:43  Pylon  
  55  4:50  Tempest  
  58  4:56  Pylon  
  62  5:15  Gateway  
  62  5:17  Pylon, Tempest  
  62  5:21  Tempest  
  70  5:43  Gateway  
  70  5:45  Gateway  
  70  5:47  Gateway  
  70  5:48  Gateway  
  70  5:56  Twilight Council  
  70  5:58  Pylon  
  74  6:04  Void Ray, Blink  
  74  6:12  Unknown  
  74  6:18  Void Ray  
  78  6:20  Stalker  
  78  6:21  Stalker  
  82  6:31  Shield Battery  
  82  6:32  Shield Battery  
  82  6:58  Stalker  
  82  6:59  Stalker x4  
  92  7:05  Stalker  
  92  7:08  Pylon  
  94  7:17  Pylon  
  94  7:20  Pylon  
  94  7:21  Pylon  
  94  7:25  Stalker x4  
  94  7:26  Stalker  
  104  7:33  Stalker  
  106  7:49  Stalker x3  
  106  7:50  Stalker  
  114  8:04  Pylon  
  114  8:10  Stalker  
  114  8:11  Stalker  
  118  8:13  Stalker x3  
  118  8:19  Stalker  
Show
View Real Time Build Order
Export as new Build Order

电脑难度(新手) Zerg - Winner!

Build Orders: Hatch First 

Get SALT Encoding   

  12  0:01  Drone  
  13  0:12  Overlord  
  13  0:16  Drone  
  14  0:42  Hatchery  
  14  0:43  Drone  
  14  1:01  Spawning Pool  
  14  1:03  Drone  
  14  1:06  Extractor  
  14  1:10  Drone  
  14  1:18  Overlord  
  14  1:48  Queen  
  14  1:49  Zergling x2  
  14  1:51  Zergling x2  
  18  1:59  Roach Warren  
  17  2:03  Drone  
  18  2:09  Extractor  
  18  2:12  Drone  
  18  2:17  Zergling x2  
  18  2:22  Drone  
  20  2:29  Drone  
  21  2:36  Drone  
  22  2:43  Drone  
  23  2:51  Drone  
  24  2:58  Drone  
  25  3:02  Roach  
  25  3:05  Drone  
  28  3:13  Overlord  
  28  3:17  Drone  
  29  3:24  Drone  
  30  3:29  Lair  
  30  3:31  Drone  
  31  3:44  Drone  
  31  3:47  Roach  
  34  3:51  Drone  
  35  3:58  Drone  
  35  4:01  Overlord  
  36  4:05  Drone  
  37  4:12  Drone  
  38  4:20  Drone  
  39  4:27  Drone, Overseer  
  39  4:28  Overseer  
  40  4:32  Ravager, Roach  
  40  4:34  Drone  
  44  4:41  Drone  
  44  4:43  Overlord  
  45  4:48  Drone  
  46  4:56  Drone  
  47  5:00  Extractor  
  47  5:03  Drone  
  47  5:08  Extractor  
  47  5:10  Drone  
  47  5:17  Drone  
  48  5:24  Drone  
  49  5:31  Drone  
  50  5:38  Drone  
  51  5:46  Drone  
  52  6:10  Zergling x2, Overlord  
  53  6:12  Queen  
  53  6:15  Drone  
  53  6:32  Overlord  
  53  6:34  Hatchery  
  53  6:35  Drone  
  53  6:39  Roach  
  53  6:42  Drone  
  54  6:49  Drone  
  54  6:51  Hatchery  
  51  6:56  Drone  
  52  7:08  Zergling x2  
  53  7:12  Drone  
  53  7:14  Hatchery  
  52  7:19  Drone  
  48  7:24  Hatchery  
  46  7:35  Hatchery  
  41  7:42  Hatchery  
  40  7:46  Roach Warren  
Tags
 
Add a new tag
Caveats
  • Supply blocks, unpowered buildings, or Contaminate may cause inaccurate times.
  • Supply counts are checked every 10 seconds.